[Event "FIDE WYCC Girls U16 2023"]
[Site "Montesilvano"]
[Date "2023.11.22"]
[Round "9.1"]
[White "Shohradova, Leyla"]
[Black "Karimova, Guldona"]
[Result "1-0"]
[ECO "A85"]
[WhiteElo "1782"]
[BlackElo "1835"]
[Annotator "NA RC"]
[PlyCount "65"]
[EventDate "2023.11.13"]
[EventType "swiss"]
[EventCountry "ITA"]
[SourceTitle "playchess.com"]
[Source "ChessBase"]
[SourceQuality "1"]
[TimeControl "40/5400+30:1800+30"]

1. d4 f5 2. c4 Nf6 3. Nc3 g6 4. h4 Bg7 5. h5 Nxh5 6. Rxh5 gxh5 7. e4 O-O 8. Qxh5 e6 9. Nf3 Nc6 10. Bd2 Nxd4 11. O-O-O Qe8 12. Qh2 d6 13. Bd3 Nxf3 14. gxf3 e5 15. Rh1 h5 16. Nd5 c6 17. Nc7 Qf7 18. Nxa8 fxe4 19. Bxe4 d5 20. Bc2 Bf5 21. Bxf5 Qxf5 22. Rg1 Kf7 23. Rg5 Qxf3 24. Rg3 Qf5 25. Qg2 Bf6 26. Nc7 Rc8 27. Nxd5 cxd5 28. Qxd5+ Qe6 29. Qxb7+ Be7 30. Qf3+ Bf6 31. Qxh5+ Ke7 32. Qh7+ Qf7 33. Bb4+ 1-0

[Event "FIDE WYCC Girls U16 2023"]
[Site "Montesilvano"]
[Date "2023.11.22"]
[Round "9.2"]
[White "Tokarz, Izabela"]
[Black "Trunz, Michelle"]
[Result "0-1"]
[ECO "D10"]
[WhiteElo "1931"]
[BlackElo "1997"]
[Annotator "NA RC"]
[PlyCount "94"]
[EventDate "2023.11.13"]
[EventType "swiss"]
[EventCountry "ITA"]
[SourceTitle "playchess.com"]
[Source "ChessBase"]
[SourceQuality "1"]
[TimeControl "40/5400+30:1800+30"]

1. d4 d5 2. c4 c6 3. Nc3 dxc4 4. a4 e5 5. e3 exd4 6. exd4 Be6 7. Nf3 Bb4 8. Ne5 Ne7 9. Bxc4 Bxc4 10. Nxc4 O-O 11. O-O Na6 12. Qg4 Qc8 13. Qg3 Qe6 14. Ne5 Rad8 15. Be3 f6 16. Nd3 Nf5 17. Qh3 Rfe8 18. Rfe1 Qd7 19. Rad1 Ne7 20. Qxd7 Rxd7 21. Nxb4 Nxb4 22. d5 Nexd5 23. Bxa7 Rxe1+ 24. Rxe1 Nd3 25. Re8+ Kf7 26. Rb8 Nxb2 27. Nxd5 cxd5 28. a5 d4 29. Bxd4 Rxd4 30. Rxb7+ Kg6 31. g3 Nd3 32. a6 Ra4 33. a7 Ra1+ 34. Kg2 Ra2 35. h4 Rxf2+ 36. Kh3 Ra2 37. g4 Nf2+ 38. Kg3 Ne4+ 39. Kf4 Nd6 40. h5+ Kh6 41. Rb6 Ra4+ 42. Kg3 Ne4+ 43. Kh4 Rxa7 44. Re6 Ng5 45. Rb6 Nf3+ 46. Kg3 Ne5 47. Kh4 Ra4 0-1

[Event "FIDE WYCC Girls U16 2023"]
[Site "Montesilvano"]
[Date "2023.11.22"]
[Round "9.3"]
[White "Regidor, Kaye Lalaine"]
[Black "Siekanska, Maria"]
[Result "0-1"]
[ECO "B51"]
[WhiteElo "1598"]
[BlackElo "2180"]
[Annotator "RC"]
[PlyCount "78"]
[EventDate "2023.11.13"]
[EventType "swiss"]
[EventCountry "ITA"]
[SourceTitle "playchess.com"]
[Source "ChessBase"]
[SourceQuality "1"]
[TimeControl "40/5400+30:1800+30"]

1. e4 c5 2. Nf3 d6 3. Bb5+ Nc6 4. c3 Nf6 5. Qe2 Bg4 6. O-O e5 7. d4 cxd4 8. cxd4 a6 9. Bxc6+ bxc6 10. dxe5 dxe5 11. h3 Bxf3 12. Qxf3 Qb8 13. Nd2 Qb5 14. b3 Bc5 15. Nc4 O-O 16. Bb2 Bd4 17. Bxd4 exd4 18. e5 Nd7 19. Qe4 Qd5 20. Rfe1 Qxe4 21. Rxe4 c5 22. e6 fxe6 23. Rxe6 Rfe8 24. Rd6 Ra7 25. Kf1 Kf7 26. Rd5 Re6 27. Rf5+ Ke7 28. Rd1 Rc7 29. Rf4 Nf6 30. Nb2 Nd5 31. Rg4 g6 32. Na4 h5 33. Rg3 c4 34. bxc4 Rxc4 35. Nb2 Rc2 36. Rb3 Rf6 37. Re1+ Ne3+ 38. Rbxe3+ dxe3 39. Rxe3+ Re6 0-1

[Event "FIDE WYCC Girls U16 2023"]
[Site "Montesilvano"]
[Date "2023.11.22"]
[Round "9.4"]
[White "Zhou, Shumeng"]
[Black "Schippke, Manon"]
[Result "1/2-1/2"]
[ECO "A31"]
[WhiteElo "1559"]
[BlackElo "2110"]
[Annotator "NA RC"]
[PlyCount "84"]
[EventDate "2023.11.13"]
[EventType "swiss"]
[EventCountry "ITA"]
[SourceTitle "playchess.com"]
[Source "ChessBase"]
[SourceQuality "1"]
[TimeControl "40/5400+30:1800+30"]

1. Nf3 c5 2. c4 Nc6 3. d4 cxd4 4. Nxd4 Nf6 5. Nc3 Qb6 6. Nb3 e6 7. a3 Ne5 8. e4 a6 9. Be2 d6 10. Be3 Qc7 11. Nd2 Bd7 12. Rc1 Be7 13. O-O O-O 14. f4 Ng6 15. Qe1 Rac8 16. Qg3 e5 17. f5 Nf4 18. Bf3 Kh8 19. Kh1 Nd3 20. Rb1 b5 21. cxb5 axb5 22. Be2 Nxb2 23. Rxb2 Qxc3 24. Rb3 Qa5 25. Rfb1 Rb8 26. Bg5 Bc6 27. Bxf6 Bxf6 28. Qd3 Rfd8 29. Rc3 Qa8 30. Qc2 Be8 31. Rcb3 Qa4 32. Qb2 Bg5 33. Nf3 Bf4 34. Rb4 Qa8 35. a4 Be3 36. Bxb5 Bc5 37. Rc4 Rb6 38. Nxe5 f6 39. Nd3 Bf7 40. Rcc1 Qxe4 41. Nxc5 dxc5 42. Bd3 Rxb2 1/2-1/2

[Event "FIDE WYCC Girls U16 2023"]
[Site "Montesilvano"]
[Date "2023.11.22"]
[Round "9.5"]
[White "Peglau, Charis"]
[Black "Tejaswini G"]
[Result "1/2-1/2"]
[ECO "B50"]
[WhiteElo "2045"]
[BlackElo "1956"]
[Annotator "NA RC"]
[PlyCount "97"]
[EventDate "2023.11.13"]
[EventType "swiss"]
[EventCountry "ITA"]
[SourceTitle "playchess.com"]
[Source "ChessBase"]
[SourceQuality "1"]
[TimeControl "40/5400+30:1800+30"]

1. e4 c5 2. Nf3 d6 3. Nc3 Nf6 4. e5 dxe5 5. Nxe5 Nbd7 6. d4 e6 7. Bf4 a6 8. Be2 cxd4 9. Qxd4 Bc5 10. Qd2 O-O 11. Rd1 Qe7 12. O-O Nxe5 13. Bxe5 b5 14. Bf3 Ra7 15. Qg5 h6 16. Qg3 Bb7 17. Bxb7 Rxb7 18. Ne4 Ne8 19. c3 f6 20. Nxc5 Qxc5 21. Bd4 Qc6 22. Be3 Kh7 23. Rd4 e5 24. Rd8 Rff7 25. h4 Rbe7 26. Rfd1 Rd7 27. Qg4 f5 28. Qe2 Nf6 29. Qc2 Rxd1+ 30. Rxd1 g6 31. Qb3 Rd7 32. Rxd7+ Qxd7 33. c4 f4 34. Bb6 bxc4 35. Qxc4 Qd1+ 36. Qf1 Qxf1+ 37. Kxf1 Nd5 38. Bc5 Kg7 39. Ke2 e4 40. Kd2 Kf6 41. b4 Kf5 42. a4 Kg4 43. b5 axb5 44. axb5 Kxh4 45. b6 Nxb6 46. Bxb6 e3+ 47. Ke2 exf2 48. Bxf2+ Kg4 49. Be1 1/2-1/2

[Event "FIDE WYCC Girls U16 2023"]
[Site "Montesilvano"]
[Date "2023.11.22"]
[Round "9.6"]
[White "Nurmanova, Alua"]
[Black "Kiraly, Lilla Virag"]
[Result "1-0"]
[ECO "B63"]
[WhiteElo "2367"]
[BlackElo "1765"]
[Annotator "RC"]
[PlyCount "85"]
[EventDate "2023.11.13"]
[EventType "swiss"]
[EventCountry "ITA"]
[SourceTitle "playchess.com"]
[Source "ChessBase"]
[SourceQuality "1"]
[TimeControl "40/5400+30:1800+30"]

1. e4 c5 2. Nf3 d6 3. d4 cxd4 4. Nxd4 Nf6 5. Nc3 Nc6 6. Bg5 e6 7. Qd2 Be7 8. O-O-O O-O 9. f3 Nxd4 10. Qxd4 Qa5 11. Qd2 a6 12. Kb1 Qc7 13. g4 Rd8 14. h4 b5 15. Bd3 Bb7 16. Qh2 Rac8 17. Ne2 d5 18. e5 Ne8 19. Nd4 Rd7 20. Bxe7 Rxe7 21. g5 Qc5 22. h5 b4 23. Qf4 a5 24. g6 f5 25. exf6 Nxf6 26. gxh7+ Nxh7 27. h6 g5 28. Bxh7+ Kxh7 29. Qxg5 Rg8 30. Qe5 Qc7 31. Qxc7 Rxc7 32. Nxe6 Rf7 33. f4 d4 34. Ng5+ Rxg5 35. fxg5 Bxh1 36. Rxh1 Kg6 37. h7 Rxh7 38. Rxh7 Kxh7 39. Kc1 Kg6 40. Kd2 Kxg5 41. Kd3 a4 42. Kxd4 a3 43. b3 1-0

[Event "FIDE WYCC Girls U16 2023"]
[Site "Montesilvano"]
[Date "2023.11.22"]
[Round "9.7"]
[White "Maria, Lia-Alexandra"]
[Black "Ter-Avetisjana, Agnesa Stepania"]
[Result "1-0"]
[ECO "B19"]
[WhiteElo "1877"]
[BlackElo "2105"]
[Annotator "NA RC"]
[PlyCount "55"]
[EventDate "2023.11.13"]
[EventType "swiss"]
[EventCountry "ITA"]
[SourceTitle "playchess.com"]
[Source "ChessBase"]
[SourceQuality "1"]
[TimeControl "40/5400+30:1800+30"]

1. e4 c6 2. d4 d5 3. Nc3 dxe4 4. Nxe4 Bf5 5. Ng3 Bg6 6. h4 h6 7. Nf3 Nf6 8. h5 Bh7 9. Bd3 Bxd3 10. Qxd3 e6 11. Bd2 c5 12. Ne4 Nc6 13. Bc3 Nxe4 14. Qxe4 c4 15. O-O-O Qd5 16. Qxd5 exd5 17. Rhe1+ Kd7 18. Ne5+ Nxe5 19. dxe5 Ke6 20. f4 Rd8 21. Bd4 Be7 22. g4 g6 23. Rf1 f5 24. exf6 Bxf6 25. f5+ gxf5 26. Rde1+ Kf7 27. Rxf5 Rd6 28. Ref1 1-0

[Event "FIDE WYCC Girls U16 2023"]
[Site "Montesilvano"]
[Date "2023.11.22"]
[Round "9.8"]
[White "Begic, Klara"]
[Black "Zelbova, Lada"]
[Result "1-0"]
[ECO "D35"]
[WhiteElo "1877"]
[BlackElo "2057"]
[Annotator "NA RC"]
[PlyCount "61"]
[EventDate "2023.11.13"]
[EventType "swiss"]
[EventCountry "ITA"]
[SourceTitle "playchess.com"]
[Source "ChessBase"]
[SourceQuality "1"]
[TimeControl "40/5400+30:1800+30"]

1. d4 d5 2. c4 e6 3. Nc3 Nf6 4. cxd5 exd5 5. Bg5 c6 6. e3 Bd6 7. Bd3 O-O 8. Qc2 h6 9. Bh4 Re8 10. Nge2 a5 11. h3 Na6 12. a3 Nc7 13. O-O Ne6 14. f3 Ng5 15. e4 dxe4 16. fxe4 Nh5 17. Kh1 Be6 18. g4 Bxg4 19. hxg4 Qd7 20. Rf5 g6 21. e5 Ng7 22. exd6 gxf5 23. gxf5 Re3 24. Bxg5 hxg5 25. Kg2 Nh5 26. Rf1 Nf6 27. Qd2 Rae8 28. Rf3 Rxf3 29. Qxg5+ Kh7 30. Kxf3 Qxd6 31. Ne4 1-0

[Event "FIDE WYCC Girls U16 2023"]
[Site "Montesilvano"]
[Date "2023.11.22"]
[Round "9.9"]
[White "Kheerthi Ganta"]
[Black "Gvatua, Mariam"]
[Result "1/2-1/2"]
[ECO "E92"]
[WhiteElo "2030"]
[BlackElo "1701"]
[Annotator "NA RC"]
[PlyCount "106"]
[EventDate "2023.11.13"]
[EventType "swiss"]
[EventCountry "ITA"]
[SourceTitle "playchess.com"]
[Source "ChessBase"]
[SourceQuality "1"]
[TimeControl "40/5400+30:1800+30"]

1. d4 Nf6 2. Nf3 g6 3. c4 Bg7 4. Nc3 O-O 5. e4 d6 6. Be2 e5 7. dxe5 dxe5 8. Qxd8 Rxd8 9. Bg5 Re8 10. Nd5 Nxd5 11. cxd5 h6 12. Be3 c6 13. Bc4 Bd7 14. O-O-O Rc8 15. Kb1 cxd5 16. Bxd5 Rc7 17. Rd2 Bc6 18. Rc1 Nd7 19. Rdc2 Nb8 20. b4 a6 21. Bb6 Re7 22. Ba5 Kh7 23. Nd2 f5 24. f3 Bf8 25. Nb3 Bxd5 26. exd5 Nd7 27. d6 Rf7 28. Bc7 Re8 29. Nc5 e4 30. fxe4 fxe4 31. Re2 Nxc5 32. bxc5 Bg7 33. Rc4 e3 34. Kc2 h5 35. Rb4 Re5 36. Rc4 Rd7 37. Rc3 Bh6 38. Kd3 Kg7 39. Kd4 Kf6 40. Rb3 Ke6 41. Rxb7 Rf7 42. g3 Rd5+ 43. Kc4 Rd2 44. Rxd2 exd2 45. Rb1 Kd7 46. Ba5 Rf8 47. Kc3 Rf3+ 48. Kb2 Rd3 49. Rd1 Rd5 50. Bb6 Kc6 51. Kc2 Re5 52. Kd3 Re1 53. Kc2 Re5 1/2-1/2

[Event "FIDE WYCC Girls U16 2023"]
[Site "Montesilvano"]
[Date "2023.11.22"]
[Round "9.10"]
[White "Djukic, Katarina"]
[Black "Peglau, Dora"]
[Result "0-1"]
[ECO "B01"]
[WhiteElo "1536"]
[BlackElo "1937"]
[Annotator "NA RC"]
[PlyCount "98"]
[EventDate "2023.11.13"]
[EventType "swiss"]
[EventCountry "ITA"]
[SourceTitle "playchess.com"]
[Source "ChessBase"]
[SourceQuality "1"]
[TimeControl "40/5400+30:1800+30"]

1. e4 d5 2. exd5 Qxd5 3. Nc3 Qd6 4. d4 Nf6 5. Nf3 a6 6. a4 Bg4 7. h3 Bh5 8. g4 Bg6 9. Bg2 Nbd7 10. Nh4 c6 11. Ne2 e5 12. Nxg6 hxg6 13. Be3 O-O-O 14. Qd2 Nb6 15. dxe5 Qxe5 16. Qc3 Qc7 17. Qa5 Nfd5 18. Bxd5 Nxd5 19. Qxc7+ Kxc7 20. Bd2 Bc5 21. O-O-O Rhe8 22. Nf4 Re4 23. Nxd5+ Rxd5 24. b3 f6 25. Rhf1 Red4 26. Ba5+ b6 27. Rxd4 Rxd4 28. Bc3 Ba3+ 29. Bb2 Bxb2+ 30. Kxb2 Kd6 31. Kc3 Ke5 32. f3 Rd6 33. f4+ Ke4 34. h4 Rd5 35. b4 Ke3 36. g5 f5 37. Re1+ Kxf4 38. Re6 Kg4 39. Rxg6 Rd7 40. Rxc6 f4 41. Rxb6 f3 42. Rxa6 f2 43. Rc6 f1=Q 44. Rc4+ Kh5 45. a5 Qe1+ 46. Kb3 Qb1+ 47. Kc3 Qa1+ 48. Kb3 Rd1 49. b5 Rb1# 0-1

[Event "FIDE WYCC Girls U16 2023"]
[Site "Montesilvano"]
[Date "2023.11.22"]
[Round "9.11"]
[White "Khuslen, Erdenebayar"]
[Black "Hayrapetyan, Nvard"]
[Result "1-0"]
[ECO "E26"]
[WhiteElo "1906"]
[BlackElo "1462"]
[Annotator "NA RC"]
[PlyCount "61"]
[EventDate "2023.11.13"]
[EventType "swiss"]
[EventCountry "ITA"]
[SourceTitle "playchess.com"]
[Source "ChessBase"]
[SourceQuality "1"]
[TimeControl "40/5400+30:1800+30"]

1. d4 Nf6 2. c4 e6 3. Nc3 Bb4 4. a3 Bxc3+ 5. bxc3 c5 6. e3 b6 7. Bd3 Bb7 8. f3 O-O 9. Ne2 Nc6 10. e4 Ne8 11. Be3 d6 12. O-O Na5 13. Ng3 Ba6 14. Qe2 Rc8 15. d5 e5 16. f4 Qd7 17. Nf5 Rc7 18. Rf3 g6 19. Nh6+ Kg7 20. f5 f6 21. fxg6 hxg6 22. Rg3 Rh8 23. Qh5 Kf8 24. Rxg6 Bxc4 25. Bxc4 Nxc4 26. Bg5 Qf7 27. Rf1 Ke7 28. Bxf6+ Nxf6 29. Rfxf6 Qh7 30. Nf5+ Kd8 31. Rh6 1-0

[Event "FIDE WYCC Girls U16 2023"]
[Site "Montesilvano"]
[Date "2023.11.22"]
[Round "9.12"]
[White "Pragnya H G"]
[Black "Putar, Lara"]
[Result "0-1"]
[ECO "C02"]
[WhiteElo "1679"]
[BlackElo "1892"]
[Annotator "NA RC"]
[PlyCount "110"]
[EventDate "2023.11.13"]
[EventType "swiss"]
[EventCountry "ITA"]
[SourceTitle "playchess.com"]
[Source "ChessBase"]
[SourceQuality "1"]
[TimeControl "40/5400+30:1800+30"]

1. e4 e6 2. d4 d5 3. e5 c5 4. c3 Nc6 5. Nf3 Qb6 6. a3 c4 7. Nbd2 Na5 8. Rb1 Bd7 9. h4 Ne7 10. g3 Qc7 11. Bh3 Nc8 12. O-O Nb6 13. Nh2 Ba4 14. Qf3 O-O-O 15. Qe3 Be7 16. h5 h6 17. f4 Kb8 18. Bg4 Bc2 19. Ra1 Rdg8 20. Bd1 Bd3 21. Be2 Bh7 22. Kh1 g5 23. hxg6 fxg6 24. g4 Rf8 25. g5 hxg5 26. fxg5 Rf5 27. Rxf5 gxf5 28. Qf4 Rg8 29. Ndf3 Nb3 30. Rb1 Nxc1 31. Rxc1 Na4 32. Qh4 Bg6 33. Rb1 Qb6 34. Qf4 Nxc3 35. Re1 Qxb2 36. Ng1 Ne4 37. Nh3 Qxd4 38. Nf3 Nf2+ 39. Kg2 Qxf4 40. Nxf4 Ne4 41. Nxe6 Bf7 42. Ned4 Bxg5 43. Nxf5 Bd2+ 44. Kf1 Bxe1 45. Kxe1 Be6 46. N3d4 Bxf5 47. Nxf5 Rg5 48. Nd6 Rxe5 49. Nxe4 Rxe4 50. Kd2 Kc7 51. Bf3 Rh4 52. Ke3 d4+ 53. Kf2 d3 54. Ke3 Rh3 55. a4 d2 0-1

[Event "FIDE WYCC Girls U16 2023"]
[Site "Montesilvano"]
[Date "2023.11.22"]
[Round "9.13"]
[White "Sawan, Eman"]
[Black "Karaivanova, Petya"]
[Result "1/2-1/2"]
[ECO "C58"]
[WhiteElo "1662"]
[BlackElo "1883"]
[Annotator "NA RC"]
[PlyCount "112"]
[EventDate "2023.11.13"]
[EventType "swiss"]
[EventCountry "ITA"]
[SourceTitle "playchess.com"]
[Source "ChessBase"]
[SourceQuality "1"]
[TimeControl "40/5400+30:1800+30"]

1. e4 e5 2. Nf3 Nc6 3. Bc4 Nf6 4. Ng5 d5 5. exd5 Na5 6. Bb5+ c6 7. dxc6 bxc6 8. Bd3 Nd5 9. Nf3 Bd6 10. Nc3 Nf4 11. Bf1 O-O 12. d3 f5 13. g3 Ne6 14. h4 Qc7 15. Bh3 Nd4 16. O-O Bb7 17. Bg2 Rae8 18. a3 Nxf3+ 19. Bxf3 Ba6 20. Re1 Nb7 21. b4 e4 22. dxe4 Bxg3 23. fxg3 Qxg3+ 24. Bg2 Qxc3 25. Be3 fxe4 26. Qd4 Qxc2 27. Rac1 Qd3 28. Rxc6 Nd8 29. Rc7 Ne6 30. Qxd3 exd3 31. Rxa7 Bc4 32. Rc1 Rc8 33. Rxc4 Rxc4 34. Bd5 Rg4+ 35. Kh2 Kh8 36. Bxe6 Re4 37. Bc5 Re8 38. Bb3 Rd8 39. b5 Re2+ 40. Kg3 Rb2 41. Be6 d2 42. Bd4 Rg8 43. Bg4 Rxb5 44. Rd7 Rb3+ 45. Kf4 Rxa3 46. Be5 Ra4+ 47. Kg5 Ra5 48. Kf4 Ra4+ 49. Kf3 Ra2 50. Be6 d1=Q+ 51. Rxd1 Rf8+ 52. Ke4 Ra4+ 53. Ke3 Ra3+ 54. Ke2 Ra4 55. Ke3 Ra3+ 56. Ke2 Ra4 1/2-1/2

[Event "FIDE WYCC Girls U16 2023"]
[Site "Montesilvano"]
[Date "2023.11.22"]
[Round "9.14"]
[White "Nuriyeva, Nurtan"]
[Black "Bochnickova, Simona"]
[Result "1-0"]
[ECO "D37"]
[WhiteElo "1809"]
[BlackElo "2043"]
[Annotator "NA COMBH"]
[PlyCount "75"]
[EventDate "2023.11.13"]
[EventType "swiss"]
[EventCountry "ITA"]
[SourceTitle "playchess.com"]
[Source "ChessBase"]
[SourceQuality "1"]
[TimeControl "40/5400+30:1800+30"]

1. d4 d5 2. Nf3 Nf6 3. c4 e6 4. Nc3 a6 5. c5 Nc6 6. Bg5 b6 7. cxb6 cxb6 8. e3 h6 9. Bh4 Be7 10. Rc1 Bb7 11. Bd3 O-O 12. O-O Nb4 13. Bb1 Ne4 14. Bxe7 Qxe7 15. a3 Nxc3 16. Rxc3 Nc6 17. Qc2 g6 18. Rxc6 Bxc6 19. Qxc6 Rfc8 20. Qa4 Rc4 21. Qb3 Qc7 22. g3 a5 23. Bd3 Rc1 24. Rxc1 Qxc1+ 25. Kg2 Qc7 26. a4 Kg7 27. h4 h5 28. Ne5 Rc8 29. Qd1 Qc1 30. Qf3 Rc7 31. g4 f6 32. Nxg6 Qe1 33. Nf4 Rc1 34. Nxh5+ Kg8 35. Nxf6+ Kh8 36. Kg3 Qd2 37. Qf4 Rg1+ 38. Kh2 1-0

[Event "FIDE WYCC Girls U16 2023"]
[Site "Montesilvano"]
[Date "2023.11.22"]
[Round "9.15"]
[White "Radenkovic, Mila"]
[Black "Szczotka, Klara"]
[Result "0-1"]
[ECO "B30"]
[WhiteElo "1767"]
[BlackElo "2020"]
[Annotator "NA RC"]
[PlyCount "66"]
[EventDate "2023.11.13"]
[EventType "swiss"]
[EventCountry "ITA"]
[SourceTitle "playchess.com"]
[Source "ChessBase"]
[SourceQuality "1"]
[TimeControl "40/5400+30:1800+30"]

1. e4 c5 2. Nf3 Nc6 3. d3 d6 4. g3 Nf6 5. Bg2 Qc7 6. O-O e5 7. c3 Be7 8. Qe2 O-O 9. Rd1 Be6 10. Na3 d5 11. Ng5 Bg4 12. f3 Bh5 13. h4 dxe4 14. dxe4 h6 15. Nh3 Rad8 16. Be3 Rxd1+ 17. Rxd1 Rd8 18. Nf2 a6 19. g4 Bg6 20. h5 Bh7 21. Bf1 b5 22. Nc2 Qc8 23. Rxd8+ Qxd8 24. a4 c4 25. Ne1 Qa5 26. Qc2 Nd5 27. Bc1 Bc5 28. axb5 axb5 29. b4 cxb3 30. Qxb3 Nxc3 31. Qc2 Nd4 32. Qd2 Nb3 33. Qc2 Nxe4 0-1

[Event "FIDE WYCC Girls U16 2023"]
[Site "Montesilvano"]
[Date "2023.11.22"]
[Round "9.16"]
[White "Bruntse, Kathrine Lindegaard"]
[Black "Kaldarova, Ayaulym"]
[Result "0-1"]
[ECO "A50"]
[WhiteElo "1746"]
[BlackElo "2005"]
[Annotator "NA RC"]
[PlyCount "82"]
[EventDate "2023.11.13"]
[EventType "swiss"]
[EventCountry "ITA"]
[SourceTitle "playchess.com"]
[Source "ChessBase"]
[SourceQuality "1"]
[TimeControl "40/5400+30:1800+30"]

1. d4 e6 2. c4 b6 3. a3 Bb7 4. Nc3 Nf6 5. d5 Na6 6. Nf3 Nc5 7. g3 Bd6 8. Bg2 O-O 9. O-O a5 10. Re1 exd5 11. cxd5 Re8 12. Bg5 h6 13. Bxf6 Qxf6 14. e4 c6 15. Qd4 Qxd4 16. Nxd4 Nd3 17. Re2 Be5 18. dxc6 dxc6 19. Nf3 Bf6 20. Rd1 Rad8 21. Rdd2 Ba6 22. Re3 Nxb2 23. Rxb2 Bxc3 24. Rxc3 Rd1+ 25. Bf1 Bxf1 26. Rd2 Ra1 27. h4 Rxe4 28. Kh2 c5 29. Rb3 Re6 30. Rdb2 b5 31. Nd2 Be2 32. Kg2 Rc1 33. Nf3 Bc4 34. Re3 Rxe3 35. fxe3 Rc3 36. Nd2 Bd5+ 37. e4 Bc6 38. Ra2 c4 39. Kf2 Rd3 40. e5 Bd5 41. Nb1 Rf3+ 0-1

[Event "FIDE WYCC Girls U16 2023"]
[Site "Montesilvano"]
[Date "2023.11.22"]
[Round "9.17"]
[White "Shubhi Gupta"]
[Black "Kosma, Maria"]
[Result "1-0"]
[ECO "B10"]
[WhiteElo "1940"]
[BlackElo "1780"]
[Annotator "NA RC"]
[PlyCount "73"]
[EventDate "2023.11.13"]
[EventType "swiss"]
[EventCountry "ITA"]
[SourceTitle "playchess.com"]
[Source "ChessBase"]
[SourceQuality "1"]
[TimeControl "40/5400+30:1800+30"]

1. d4 Nf6 2. Nf3 d5 3. e3 c5 4. c4 cxd4 5. exd4 g6 6. cxd5 Nxd5 7. Nc3 Nxc3 8. bxc3 Bg7 9. Bd3 O-O 10. O-O Nc6 11. Bb2 e5 12. Be4 exd4 13. cxd4 Bg4 14. Rc1 Rc8 15. h3 Bxf3 16. Qxf3 Bxd4 17. Rfd1 Qb6 18. Rxc6 Qxb2 19. Rxc8 Rxc8 20. Bd5 Bf6 21. Qe3 Qc3 22. Qxa7 Re8 23. Bxb7 Bh4 24. Be4 Qf6 25. g3 Qe7 26. Bb7 Bf6 27. Qa6 Rb8 28. Bd5 Rd8 29. Qc4 Re8 30. a4 Rb8 31. a5 Qa7 32. Qf4 Bc3 33. a6 Re8 34. Rb1 Qd7 35. Qf3 Re1+ 36. Rxe1 Bxe1 37. Qxf7+ 1-0

[Event "FIDE WYCC Girls U16 2023"]
[Site "Montesilvano"]
[Date "2023.11.22"]
[Round "9.18"]
[White "Braeutigam, Katerina"]
[Black "Yu, Yuexi"]
[Result "1/2-1/2"]
[ECO "B44"]
[WhiteElo "1904"]
[BlackElo "1734"]
[Annotator "NA RC"]
[PlyCount "120"]
[EventDate "2023.11.13"]
[EventType "swiss"]
[EventCountry "ITA"]
[SourceTitle "playchess.com"]
[Source "ChessBase"]
[SourceQuality "1"]
[TimeControl "40/5400+30:1800+30"]

1. e4 c5 2. Nf3 e6 3. d4 cxd4 4. Nxd4 Nc6 5. Nb5 d6 6. c4 a6 7. N5a3 Nf6 8. Nc3 Be7 9. Be2 O-O 10. O-O b6 11. Be3 Qc7 12. Rc1 Nb8 13. f4 Bb7 14. Bf3 Nbd7 15. f5 Ne5 16. fxe6 fxe6 17. Qb3 Nxf3+ 18. gxf3 Nd7 19. Na4 Bd8 20. c5 Nxc5 21. Nxc5 dxc5 22. Qxe6+ Qf7 23. Qxf7+ Rxf7 24. Rcd1 Bc7 25. Kg2 Bc6 26. Bf2 Raf8 27. Bg3 Bxg3 28. hxg3 g5 29. g4 Rf4 30. Nc4 Bb5 31. b3 Kg7 32. a4 Bxc4 33. bxc4 R8f6 34. Rd5 Kg6 35. a5 bxa5 36. Rxc5 a4 37. Ra5 h5 38. gxh5+ Kxh5 39. Rxa4 g4 40. Ra3 gxf3+ 41. Rfxf3 Rg4+ 42. Kf2 Re6 43. Rh3+ Kg6 44. Rhe3 Rgxe4 45. Rxe4 Rxe4 46. c5 Kf7 47. Rxa6 Rc4 48. Rc6 Ke7 49. Ke3 Kd7 50. Kd3 Rh4 51. Rd6+ Kc7 52. Rg6 Rf4 53. Kc3 Rh4 54. Rf6 Rg4 55. Rd6 Rg1 56. Kb4 Rb1+ 57. Kc4 Rc1+ 58. Kd4 Rd1+ 59. Ke5 Re1+ 60. Kd5 Rd1+ 1/2-1/2

[Event "FIDE WYCC Girls U16 2023"]
[Site "Montesilvano"]
[Date "2023.11.22"]
[Round "9.19"]
[White "Kanishka S"]
[Black "Hubert, Charlotte"]
[Result "1/2-1/2"]
[ECO "D36"]
[WhiteElo "1656"]
[BlackElo "1881"]
[Annotator "NA RC"]
[PlyCount "62"]
[EventDate "2023.11.13"]
[EventType "swiss"]
[EventCountry "ITA"]
[SourceTitle "playchess.com"]
[Source "ChessBase"]
[SourceQuality "1"]
[TimeControl "40/5400+30:1800+30"]

1. c4 Nf6 2. Nc3 e6 3. Nf3 d5 4. cxd5 exd5 5. d4 c6 6. Bg5 Be7 7. Qc2 g6 8. e3 Bf5 9. Bd3 Bxd3 10. Qxd3 Nbd7 11. h3 O-O 12. O-O Re8 13. Bf4 Bf8 14. Ne5 Nxe5 15. Bxe5 Bd6 16. Bxd6 Qxd6 17. Rad1 Re7 18. Rfe1 Rae8 19. Qd2 Nh5 20. g3 f5 21. Kg2 Qe6 22. Re2 g5 23. e4 Qg6 24. exf5 Qxf5 25. Rxe7 Rxe7 26. Re1 Rf7 27. Re5 Qf3+ 28. Kg1 h6 29. Qe2 Qxe2 30. Nxe2 Nf6 31. Kg2 Ne4 1/2-1/2

[Event "FIDE WYCC Girls U16 2023"]
[Site "Montesilvano"]
[Date "2023.11.22"]
[Round "9.20"]
[White "Zhanybekova, Begimay"]
[Black "Schebacher, Solene"]
[Result "1-0"]
[ECO "E14"]
[WhiteElo "1664"]
[BlackElo "1859"]
[Annotator "NA RC"]
[PlyCount "79"]
[EventDate "2023.11.13"]
[EventType "swiss"]
[EventCountry "ITA"]
[SourceTitle "playchess.com"]
[Source "ChessBase"]
[SourceQuality "1"]
[TimeControl "40/5400+30:1800+30"]

1. Nf3 Nf6 2. c4 e6 3. e3 b6 4. b3 Bb7 5. Bb2 Be7 6. Be2 O-O 7. O-O d6 8. Nc3 Nbd7 9. d4 d5 10. Bd3 c5 11. Qe2 Rc8 12. Rfd1 Qc7 13. Rac1 Qb8 14. cxd5 exd5 15. Bf5 Rcd8 16. Bb1 Rfe8 17. Qc2 Ne4 18. a3 Ndf6 19. Qe2 a6 20. Na4 Bd6 21. h3 Nd7 22. Bd3 b5 23. Nxc5 Ndxc5 24. dxc5 Nxc5 25. Rxc5 Bxc5 26. Qc2 Rc8 27. Bxh7+ Kf8 28. Qf5 Qd6 29. Ne5 Re7 30. Ng6+ Ke8 31. Nxe7 Kxe7 32. b4 Bb6 33. Qg5+ Ke8 34. Qxg7 Bc7 35. g3 Ke7 36. Qg5+ Kf8 37. Bd4 Bb6 38. Be5 Qc6 39. Bf6 Ra8 40. Qg8# 1-0

[Event "FIDE WYCC Girls U16 2023"]
[Site "Montesilvano"]
[Date "2023.11.22"]
[Round "9.21"]
[White "Enkhrii Enkh-Amgalan"]
[Black "Sana Omprakash Kayyar"]
[Result "1-0"]
[ECO "C67"]
[WhiteElo "1821"]
[BlackElo "1562"]
[Annotator "NA RC"]
[PlyCount "51"]
[EventDate "2023.11.13"]
[EventType "swiss"]
[EventCountry "ITA"]
[SourceTitle "playchess.com"]
[Source "ChessBase"]
[SourceQuality "1"]
[TimeControl "40/5400+30:1800+30"]

1. e4 e5 2. Nf3 Nc6 3. Bb5 Nf6 4. O-O Nxe4 5. d4 Nd6 6. Bxc6 dxc6 7. dxe5 Nf5 8. Qxd8+ Kxd8 9. Nc3 Bc5 10. Ne4 Bb6 11. c4 a5 12. b3 h6 13. Ba3 Be6 14. h3 Ba7 15. g4 Ne7 16. Rad1+ Ke8 17. Nd4 Bd7 18. Rfe1 c5 19. Bxc5 Bxc5 20. Nxc5 b6 21. Nxd7 Kxd7 22. Nf5+ Ke8 23. Nxg7+ Kf8 24. Nh5 Ng6 25. Rd7 Rc8 26. e6 1-0